 Dungeon Crawl Stone Soup version 0.30-a0-305-g026cb31310 (webtiles) character file.

Game seed: 12003283410559791383

67 daveb22 the Shield-Bearer (level 4, -3/37 HPs)
             Began as a Formicid Fighter on Oct 23, 2022.
             Slain by a gnoll
             ... wielding a +0 spear
              (5 damage)
             ... on level 2 of the Dungeon.
             The game lasted 00:12:07 (1144 turns).

daveb22 the Shield-Bearer (Formicid Fighter)        Turns: 1144, Time: 00:12:07

Health: -3/37      AC: 10    Str: 20    XL:     4   Next: 40%
Magic:  4/4        EV:  9    Int:  8    God:
Gold:   56         SH:  5    Dex: 15    Spells: 3/3 levels left

rFire   . . .      SeeInvis +    a - +0 flail
rCold   . . .      Faith    .    c - +0 buckler
rNeg    . . .      Spirit   .    b - +0 scale mail
rPois   .          Reflect  .    (helmet unavailable)
rElec   .          Harm     .    (no cloak)
rCorr   .          Rampage  .    p - +2 pair of gloves
Will    .....                    (no boots)
Stlth   ..........               (no amulet)
HPRegen 0.26/turn                (no ring)
MPRegen 0.09/turn                (no ring)

@: no status effects
A: permanent stasis, dig shafts and tunnels, antennae 3, four strong arms
a: Dig, Shaft Self


You were on level 2 of the Dungeon.
You visited 1 branch of the dungeon, and saw 2 of its levels.

You collected 56 gold pieces.

Inventory:

Hand Weapons
 a - a +0 flail (weapon)
 h - a +0 short sword
 i - a +0 long sword
 l - a +0 whip
 m - a +0 mace
Missiles
 e - 10 stones
 n - 6 poisoned darts
Armour
 b - a +0 scale mail (worn)
 c - a +0 buckler (worn)
 p - a +2 pair of gloves (worn)
 r - a +0 ring mail
Scrolls
 g - 2 scrolls of noise {unknown}
 j - a scroll of enchant armour {unknown}
 o - a scroll of summoning {unknown}
Potions
 d - a potion of might
 f - 2 potions of resistance
 k - a potion of brilliance {unknown}
 q - a potion of curing {unknown}


   Skills:
 + Level 3.8 Fighting
 + Level 3.1 Maces & Flails
 + Level 3.6 Armour
 + Level 0.5 Dodging
 + Level 4.4 Shields


You had 3 spell levels left.
You didn't know any spells.
Your spell library was empty.

Dungeon Overview and Level Annotations

Branches:
Dungeon (2/15)

Altars:

Shops:
D:2 *!:=?


Innate Abilities, Weirdness & Mutations

You cannot be hasted, slowed, berserked, paralysed or teleported.
You can dig through walls and to a lower floor.
You have a pair of large antennae on your head. (SInv)
Your four strong arms can wield two-handed weapons with a shield.


Message History

The gnoll hits you with a +0 halberd.
* * * LOW HITPOINT WARNING * * *
You barely miss the gnoll.
The gnoll is moderately wounded.
The gnoll hits you with a +0 spear.
* * * LOW HITPOINT WARNING * * *
The gnoll hits you with a +0 halberd.
* * * LOW HITPOINT WARNING * * *
You block the gnoll's attack. The gnoll hits you but does no damage.
You see here a +0 flail.
You enter the shallow water.
Moving in this stuff is going to be slow.
The gnoll barely misses you. x2
The gnoll hits you from afar with a +0 spear.
* * * LOW HITPOINT WARNING * * *
You block the gnoll's attack.
The gnoll hits you from afar with a +0 spear.
* * * LOW HITPOINT WARNING * * *
You see here a ball python corpse.
There are monsters nearby!
There are monsters nearby!
There is a stone staircase leading up here.
The gnoll hits you but does no damage.
The gnoll hits you from afar with a +0 spear.
* * * LOW HITPOINT WARNING * * *
The gnoll barely misses you.
Found a stone staircase leading down.
The gnoll barely misses you.
There is a stone staircase leading down here.
The gnoll hits you from afar with a +0 halberd.
* * * LOW HITPOINT WARNING * * *
Found a short glowing staff.
The gnoll barely misses you. You block the gnoll's attack.
The gnoll hits you from afar with a +0 halberd.
* * * LOW HITPOINT WARNING * * *
The gnoll hits you with a +0 halberd.
* * * LOW HITPOINT WARNING * * *
The gnoll hits you with a +0 spear.
You die...

#..#......##..###.#
..#.......##..# #.#
.#...#..∩..###.###.#
#...#.......g.......###
...#...#....####...#...#
.#...#....### #.#####.#
.#)..#..# #.g.#...#
#...#....# ###<#.###
#...#@### #..g####
|..#..gg.# ######.#....
.#...#...###......#.###
#...#......>g.######.###
..# .# ..#.^.#...#####
#....
#...#...#...#.....#
#.##.
...#...#...#.......#
###.##.
.#...#...#..#####.##
#...... ..#. .#.. ##.##
#.#.###


You could see 2 gnolls.

Vanquished Creatures
  An adder (D:2)
  2 gnolls (D:2)
  A dart slug (D:1)
  5 ball pythons
  4 bats
  5 endoplasms
  3 giant cockroaches
  A goblin (D:2)
  6 hobgoblins
  2 kobolds (D:1)
  A quokka (D:1)
  2 frilled lizards (D:1)
  A rat (D:1)
34 creatures vanquished.

Notes
Turn   | Place    | Note
-------+----------+-------------------------------------------
     0 | D:1      | daveb22 the Formicid Fighter began the quest for the Orb.
     0 | D:1      | Reached XP level 1. HP: 18/18 MP: 1/1
    72 | D:1      | Reached XP level 2. HP: 24/24 MP: 2/2
   305 | D:1      | Reached XP level 3. HP: 28/29 MP: 3/3
   729 | D:2      | Found Silou's Distillery.
   742 | D:2      | Found Ceschiz's Assorted Antiques.
   799 | D:2      | Found Colil's Magic Scroll Shop.
   890 | D:2      | Found Anlugaix's Jewellery Shoppe.
  1039 | D:2      | Found Qawnec's Book Shoppe.
  1062 | D:2      | Found a faded altar of an unknown god.
  1078 | D:2      | Reached XP level 4. HP: 37/37 MP: 4/4
  1106 | D:2      | HP: 1/37 [gnoll/+0 spear (4)]
  1144 | D:2      | Slain by a gnoll

Illustrated notes

Levels and vault maps discovered:
D:1:      dpeg_arrival_tiny_j, layout_loops_cross
D:2:      layout_loops_cross, serial_shops, shop, nicolae_shop_waterfront, shop,
          shop, nicolae_shop_stone,
          hellmonk_ecumenical_altar_pennies_from_heaven, hex_large

Skill      XL: |  1  2  3 |
---------------+----------+-----
Maces & Flails | 3 |  3.1
Fighting       | |  3.8
Armour         | |  3.6
Dodging        | |  0.5
Shields        | |  4.4

Action                   |  1- 3 |  4- 6 || total
-------------------------+-------+-------++-------
Melee: Flail             |    93 |     8 ||   101
 Abil: Dig               |     1 |       ||     1
  Use: Scroll            |     1 |       ||     1
Armor: Scale mail        |    39 |    10 ||    49
Dodge: Dodged            |    36 |    12 ||    48
Block: Buckler           |    33 |     5 ||    38

Table legend: (Time is in decaauts)
 A = Elapsed time spent in this place.
 B = Non-inter-level travel time spent in this place.
 C = Inter-level travel time spent in this place.
 D = Time resting spent in this place.
 E = Time spent auto-exploring this place.
 F = Levels seen in this place.
 G = Mean time per level.
                   A        B        C        D        E       F      G
               +--------+--------+--------+--------+--------+-----+--------+
         Total |   1178 |   1178 |      0 |      0 |    514 |   2 |  589.0 |
       Dungeon |   1178 |   1178 |      0 |      0 |    514 |   2 |  589.0 |
               +--------+--------+--------+--------+--------+-----+--------+

Top non-repeatable levels by time:
     D:1: 747 daAuts
     D:2: 430 daAuts
